 Dungeon Crawl Stone Soup version 0.31-a0-408-gb642c7f9a3 (webtiles) character file.

Game seed: 3231173429687673198

67 jt the Changeling (level 4, -2/32 HPs)
             Began as a Djinni Shapeshifter on July 29, 2023.
             Slain by a scorpion (6 damage)
             ... on level 3 of the Dungeon.
             The game lasted 00:03:40 (1939 turns).

jt the Changeling (Djinni Shapeshifter)             Turns: 1939, Time: 00:03:41

Health: -2/32      AC:  2    Str: 14    XL:     4   Next: 38%
Gold:   50         EV: 12    Int: 12    God:
                   SH:  0    Dex: 13

rFire   + +          .
                       - Unarmed
rCold   x . .        (no shield)
rNeg    . . .        a - +0 animal skin
rPois   ∞            (helmet currently unavailable)
rElec   .            (cloak currently unavailable)
rCorr   .            (gloves currently unavailable)
SInv    .            (boots unavailable)
Will    .....        (no amulet)
Stlth   ++           (no ring)
HPRegen 0.25/turn    (no ring)
MPRegen 0.00/turn

%: infuse magic (-3 HP)
@: beast-form, flying
A: beast (slay +2), flying, sickness immunity, fire resistance 2, cold
vulnerability 1, float, innate caster, HP casting, extra vitality 1
a: Begin Untransformation


You were on level 3 of the Dungeon.
You were a hulking beast.
You visited 1 branch of the dungeon, and saw 3 of its levels.

You collected 50 gold pieces.

Inventory:

Hand Weapons
 l - a +0 spear
Missiles
 e - 18 stones
 n - 6 boomerangs
Armour
 a - a +0 animal skin (worn)
 f - a +0 pair of gloves
 h - a +0 buckler
Jewellery
 i - a ring of fire
Talismans
 c - a beast talisman
 k - a serpent talisman
Scrolls
 d - a scroll of vulnerability
 g - 2 scrolls of immolation
 j - 2 scrolls of fog
 m - a scroll of teleportation {unknown}
Potions
 b - a potion of lignification
 o - 2 potions of curing {unknown}


   Skills:
 - Level 1.0 Fighting
 - Level 2.1 Dodging
 - Level 2.0 Stealth
 - Level 3.0 Unarmed Combat
 + Level 3.5 Shapeshifting


You knew the following spells:

 Your Spells              Type           Power      Damage    Failure   Level
a - Shock                 Conj/Air       0%         1d3       32%         1
Your spell library was empty.

Dungeon Overview and Level Annotations

Branches:
Dungeon (3/15)

Altars:


Innate Abilities, Weirdness & Mutations

You are a hulking beast.
Your limbs bulge with bestial killing power. (Slay +2)
You are flying.
You are immune to sickness and miasma.
You are immune to poison.
Your flesh is very heat resistant. (rF++)
You are vulnerable to cold. (rC-)
You float through the air rather than walking.
You learn spells naturally, not from books.
Your magical power is your life essence.
You have superior vitality. (+4 MHP)


Message History

You closely miss the scorpion.
The scorpion is moderately wounded.
The scorpion stings you.
You hit the scorpion.
The scorpion is heavily wounded.
The scorpion stings you. x2
You punch the scorpion!
The scorpion is severely wounded.
The adder closely misses you. The scorpion stings you.
You are too injured to fight recklessly!
You are too injured to fight recklessly!
You are too injured to fight recklessly!
You are too injured to fight recklessly!
You closely miss the scorpion.
The scorpion is severely wounded.
The adder misses you. The scorpion stings you. The adder misses you.
You barely miss the scorpion.
The scorpion is severely wounded.
The scorpion stings you.
* * * LOW HITPOINT WARNING * * *
The adder bites you.
* * * LOW HITPOINT WARNING * * *
Casting: Shock (safe; 32% risk of failure)
Confirm with . or Enter, or press ? or * to list all spells.
Aiming: Shock (safe; 32% risk of failure)
Press: ? - help, Shift-Dir - straight line, p - scorpion The zap misses the scorpion.
The zap hits the scorpion but does no damage.
The scorpion is severely wounded.
* * * LOW HITPOINT WARNING * * *
The scorpion barely misses you. The adder bites you but does no damage.
Casting: Shock (safe; 32% risk of failure)
Confirm with . or Enter, or press ? or * to list all spells.
Aiming: Shock (safe; 32% risk of failure)
Press: ? - help, Shift-Dir - straight line The zap misses the scorpion.
The zap hits the scorpion.
The scorpion is almost dead.
* * * LOW HITPOINT WARNING * * *
The adder closely misses you. The scorpion stings you.
You die...

#.. ## ## #.# ..#.
..# #.# #... ...#
#.##..##.. #..#
#.#..# ..# . #..##
#####.#.###.###.
...
#...............
#s##.###...........
#.h#.# #...##.###.#
##S#.# #...#.....P#
#...###..........#
##......#.#PP....+
#........).......
#..###...)P..^...
#..# #>..#......#
...# ##..#####.##
##.# #..........


You could see a scorpion and an adder.

Vanquished Creatures
  A gnoll (D:1)
  A worm (D:2)
  A dart slug (D:2)
  5 orcs (D:3)
  3 endoplasms
  4 goblins
  4 hobgoblins
  4 jackals (D:1)
  A kobold (D:2)
  A quokka (D:1)
  5 ball pythons
  6 bats
  6 frilled lizards
  2 rats
44 creatures vanquished.

Notes
Turn   | Place    | Note
-------+----------+-------------------------------------------
     0 | D:1      | jt the Djinni Shapeshifter began the quest for the Orb.
     0 | D:1      | Reached XP level 1. HP: 17/17 MP: 0/0
   133 | D:1      | Reached skill level 1 in Stealth
   141 | D:1      | Reached XP level 2. HP: 21/22 MP: 0/0
   551 | D:1      | Reached XP level 3. HP: 16/27 MP: 0/0
   551 | D:1      | Learned a level 1 spell: Shock
  1266 | D:2      | Reached XP level 4. HP: 32/32 MP: 0/0
  1925 | D:3      | Noticed a scorpion
  1939 | D:3      | Slain by a scorpion

Illustrated notes

Levels and vault maps discovered:
D:1:      dpeg_arrival_water_temple_mockup, layout_basic, minmay_parallelograms
D:2:      layout_loops_corners, serial_bayou_ford_a
D:3:      cheibrodos_old_hovel, layout_rooms,
          grunt_temple_overflow_growth_and_decay,
          amethyst_overflow_temple_binary

Skill      XL: |  1  2  3 |
---------------+----------+-----
Stealth        | 1 2 |  2.0
Shapeshifting  | 3 |  3.5
Fighting       | |  1.0
Dodging        | |  2.1
Unarmed Combat | |  3.0

Action                     |  1- 3 |  4- 6 || total
---------------------------+-------+-------++-------
  Melee: Unarmed           |    93 |    39 ||   132
         Punch             |     4 |       ||     4
   Cast: Shock             |     2 |     8 ||    10
    Use: Scroll            |       |     4 ||     4
   Stab: Sleeping          |     3 |     1 ||     4
 Armour: Animal skin       |    23 |     5 ||    28
  Dodge: Dodged            |    58 |    29 ||    87

Table legend: (Time is in decaauts)
 A = Elapsed time spent in this place.
 B = Non-inter-level travel time spent in this place.
 C = Inter-level travel time spent in this place.
 D = Time resting spent in this place.
 E = Time spent auto-exploring this place.
 F = Levels seen in this place.
 G = Mean time per level.
                   A        B        C        D        E       F      G
               +--------+--------+--------+--------+--------+-----+--------+
         Total |   1932 |   1868 |     64 |      0 |   1392 |   3 |  644.0 |
       Dungeon |   1932 |   1868 |     64 |      0 |   1392 |   3 |  644.0 |
               +--------+--------+--------+--------+--------+-----+--------+

Top non-repeatable levels by time:
     D:2: 928 daAuts
     D:1: 863 daAuts
     D:3: 140 daAuts
